 Dungeon Crawl Stone Soup version 0.31.0-11-ge490571c62 (webtiles) character file.

Game seed: 10574461447983310743

80 Flugkiller the Trooper (level 4, -16/41 HPs)
             Began as a Minotaur Fighter on Jan 29, 2024.
             Demolished by Menkaure (18 damage)
             ... on level 4 of the Dungeon.
             The game lasted 00:00:47 (2092 turns).

Flugkiller the Trooper (Minotaur Fighter)           Turns: 2092, Time: 00:00:48

Health: -16/41     AC:  7    Str: 23    XL:     4   Next: 18%
Magic:  3/3        EV:  9    Int:  5    God:
Gold:   143        SH:  4    Dex:  9    Spells: 3/3 levels left

rFire   . . .        a - +0 war axe
rCold   . . .        c - +0 buckler
rNeg    . . .        b - +0 scale mail
rPois   .            (helmet restricted)
rElec   .            (no cloak)
rCorr   .            (no gloves)
SInv    .            (no boots)
Will    .....        j - amulet of faith Stlth
                     (no ring)
HPRegen 0.26/turn    (no ring)
MPRegen 0.08/turn

%: faith
@: no status effects
A: horns 2, retaliatory headbutt
a: no special abilities


You were on level 4 of the Dungeon.
You visited 1 branch of the dungeon, and saw 4 of its levels.

You collected 143 gold pieces.

Inventory:

Hand Weapons
 a - a +0 war axe (weapon)
Armour
 b - a +0 scale mail (worn)
 c - a +0 buckler (worn)
Jewellery
 j - an amulet of faith (around neck)
   (You found it on level 1 of the Dungeon)
Scrolls
 g - a scroll of poison {unknown}
 h - a scroll of enchant armour {unknown}
 i - a scroll of summoning {unknown}
 k - 3 scrolls of identify {unknown}
 o - 2 scrolls of revelation {unknown}
 s - a scroll of blinking {unknown}
Potions
 d - a potion of might
 e - 2 potions of curing {unknown}
 f - 2 potions of ambrosia {unknown}
 l - 2 potions of enlightenment {unknown}
 m - 2 potions of attraction {unknown}
 n - a potion of haste {unknown}
 p - a potion of invisibility {unknown}
 q - 2 potions of lignification {unknown}
 r - a potion of cancellation {unknown}


   Skills:
 * Level 4.5 Fighting
 * Level 3.7 Axes
 + Level 4.1 Armour
 + Level 4.1 Shields


You had 3 spell levels left.
You didn't know any spells.
Your spell library contained the following spells:

 Spells                   Type           Power      Damage    Failure   Level
 Magic Dart               Conj           0%         1d3       85%         1
 Slow                     Hex            0%         N/A       85%         1
 Searing Ray              Conj           0%         2d4       94%         2
 Confusing Touch          Hex            0%         N/A       99%         3
 Sigil of Binding         Hex            0%         N/A       99%         3
 Vampiric Draining        Necr           0%         2d6       99%         3
 Fulminant Prism          Conj/Alch      0%         3d5       100%        4


Dungeon Overview and Level Annotations

Branches:
Dungeon (4/15)
 Temple: D:4-7

Altars:
Makhleb

Annotations:
D:4 Menkaure


Innate Abilities, Weirdness & Mutations

You have a pair of horns on your head.
You reflexively headbutt those who attack you in melee.


Message History

No target in view!
No target in view!
No target in view!
No target in view!
No target in view!
Found a stone staircase leading down.
No target in view!
There is a stone staircase leading down here.
Found 6 stones.
No target in view!
You see here 6 stones.
Found a burning altar of Makhleb.
No target in view!
No target in view!
No target in view!
No target in view!
An adder comes into view.
The adder hisses angrily.
An adder is nearby!
An adder is nearby!
You closely miss the adder. The adder bites you but does no damage.
The adder barely misses you.
You hit the adder.
The adder is heavily wounded.
The adder closely misses you.
You miss the adder.
The adder is heavily wounded.
The adder bites you but does no damage. You block the adder's attack.
You slash the adder!
You kill the adder!
No target in view!
No target in view!
No target in view!
No target in view!
Found a stone staircase leading down.
There is a stone staircase leading down here.
You now have 124 gold pieces (gained 9).
Found 4 stones.
You now have 131 gold pieces (gained 7).
You now have 132 gold pieces (gained 1).
There is a burning altar of Makhleb here.
There is a stone staircase leading down here.
There is a stone staircase leading up here.
There is a stone staircase leading up here.
Found a ring mail.
No target in view!
No target in view!
No target in view!
No target in view!
You see here a +0 ring mail.
You see here 9 stones.
Done exploring.
Done exploring.
Unknown command.
Unknown command.
Unknown command.
Unknown command.
Unknown command.
Done exploring.
Done exploring.
No target in view!
Done exploring.
Unknown command.
Done exploring.
There is a stone staircase leading down here.
You climb downwards.
You hear the hiss of flowing sand.
There is an entrance to an ossuary on this level.
Hurry and find it before the portal is buried!
Found a short sword.
There is a stone staircase leading up here.
You now have 143 gold pieces (gained 11).
Menkaure, Prince of Dust comes into view.
Found a stone staircase leading down.
Menkaure shouts!
Menkaure is nearby!
Menkaure is nearby!
Menkaure calls on the powers of darkness!
Your body is wracked with pain!
You hear an angry hiss.
An adder comes into view.
Menkaure hits you!!
Ouch! That really hurt!
* * * LOW HITPOINT WARNING * * *
You are too injured to fight recklessly!
You are too injured to fight recklessly!
You are too injured to fight recklessly!
You are too injured to fight recklessly!
You are too injured to fight recklessly!
You are too injured to fight recklessly!
You are too injured to fight recklessly!
You are too injured to fight recklessly!
You are too injured to fight recklessly!
You are too injured to fight recklessly!
You are too injured to fight recklessly!
You are too injured to fight recklessly!
Unknown command.
You slash Menkaure! You headbutt Menkaure.
Menkaure is severely damaged.
Menkaure hits you!!
You die...

+....#
##########....###
................#
................#
................#
................#####
..#############.....#
..# #.....# ..#
#.@...# ..# #..M..#
..# .......# ..#
#.......+ ..#
#..S...># ###
#.......# #.......#
........#


You could see Menkaure and an adder.

Vanquished Creatures
  2 adders
  2 dart slugs (D:3)
  2 ribbon worms (D:2)
  An orc (D:3)
  6 ball pythons
  5 endoplasms
  2 giant cockroaches
  5 goblins
  7 hobgoblins
  5 jackals
  A quokka (D:1)
  A bat (D:1)
  4 frilled lizards
  4 kobolds
  2 rats
49 creatures vanquished.

Notes
Turn   | Place    | Note
-------+----------+-------------------------------------------
     0 | D:1      | Flugkiller the Minotaur Fighter began the quest for the
                  | Orb.
     0 | D:1      | Reached XP level 1. HP: 19/19 MP: 0/0
    47 | D:1      | Reached XP level 2. HP: 25/27 MP: 1/1
  1117 | D:2      | Reached XP level 3. HP: 32/33 MP: 2/2
  1752 | D:3      | Reached XP level 4. HP: 40/41 MP: 3/3
  1830 | D:3      | Found a burning altar of Makhleb.
  2088 | D:4      | Noticed Menkaure
  2091 | D:4      | HP: 1/41 [Menkaure (21)]
  2092 | D:4      | Demolished by Menkaure

Illustrated notes

Levels and vault maps discovered:
D:1:      ncdulo_wetmaze, layout_loops_cross
D:2:      layout_loops_ring, patterned_corridor
D:3:      layout_rooms, nicolae_overflow_crystal_walls
D:4:      layout_gridville, enter_ossuary_3, kennysheep_another_room,
          uniq_grinder, uniq_natasha, uniq_menkaure, uniq_pikel

Skill      XL: |  1  2  3 |
---------------+----------+-----
Fighting       | 4 |  4.5
Axes           | 3 |  3.7
Armour         | 4 |  4.1
Shields        | 4 |  4.1

Action                     |  1- 3 |  4- 6 || total
---------------------------+-------+-------++-------
  Melee: War axe           |    73 |     8 ||    81
         Headbutt          |    11 |     2 ||    13
 Armour: Scale mail        |    36 |     5 ||    41
  Dodge: Dodged            |    33 |     4 ||    37
  Block: Buckler           |    13 |     1 ||    14
